MLB
WASHINGTON NATIONALS @ SAN DIEGO PADRES
06/07/2019
 
TOP OF THE 1ST
Washington Nationals batting - Pitching for San Diego Padres : LHP Hyun-jin Ryu
Pitching: LHP Hyun-jin Ryu
Batting: LHB Andrew Benintendi 0-0: Called Strike
0-1: Fly out, F8 (Line Drive, 8LM, EV 93.1 MPH)
Batting: RHB Austin Barnes 0-0: Foul Ball, location: 2F
0-1: DOUBLE (Line Drive, 78D, EV 107.5 MPH)
Batting: SHB Aaron Hicks 0-0: Called Strike
0-1: Ball
1-1: Ball
2-1: Swinging Strike
2-2: Foul Ball, location: 2F
2-2: Foul Ball, location: 2F
2-2: Ground out 5-3 (Groundball, 56S, EV 80.6 MPH)
Batting: RHB Chris Taylor 0-0: Ball
1-0: SINGLE (Groundball, 56D, EV 93.8 MPH)
Austin Barnes to third
Runner from 3rd tries for Home, SAFE, no throw by LF
Batting: RHB Yulieski Gurriel 0-0: Foul Ball, location: 2F
0-1: Fly out, F7 (Flyball, 7LS, EV 91.9 MPH)
Top of the 1st over - 1 run, 2 hits, 0 errors, 1 left on base; Washington 1 - San Diego 0
BOTTOM OF THE 1ST
San Diego Padres batting - Pitching for Washington Nationals : RHP Alex Reyes
Pitching: RHP Alex Reyes
Batting: RHB Lorenzo Cain 0-0: Foul Ball, location: 2F
0-1: Ball
1-1: Ball
2-1: Foul Ball, location: 2F
2-2: Foul Ball, location: 2F
2-2: Ball
3-2: Base on Balls
Batting: RHB Amed Rosario 0-0: Called Strike
0-1: Foul Ball, location: 2F
0-2: Foul Ball, location: 2F
0-2: Strikes out swinging
Batting: RHB Jose Altuve 0-0: Called Strike
0-1: Ball
1-1: Called Strike
1-2: Fielders Choice at 2nd, 6-4 (Groundball, 6S, EV 85.6 MPH)
Batting: SHB Carlos Santana 0-0: Ball
1-0: Ball
2-0: Ball
3-0: Called Strike
3-1: Base on Balls
Jose Altuve to second
Batting: RHB Yadier Molina 0-0: Called Strike
0-1: Ball
1-1: Foul Ball, location: 2F
1-2: Ball
2-2: Fly out, F8 (Line Drive, 8RM, EV 108.8 MPH)
Bottom of the 1st over - 0 runs, 0 hits, 0 errors, 2 left on base; Washington 1 - San Diego 0
TOP OF THE 2ND
Washington Nationals batting - Pitching for San Diego Padres : LHP Hyun-jin Ryu
Batting: LHB Yonder Alonso 0-0: Ball
1-0: Swinging Strike
1-1: Called Strike
1-2: Strikes out swinging
Batting: LHB Joe Panik 0-0: Called Strike
0-1: Ball
1-1: Fly out, F8 (Line Drive, 8LD, EV 103.1 MPH)
Batting: RHB Jose Pirela 0-0: Ground out 6-3 (Groundball, 4MS, EV 94.4 MPH)
Top of the 2nd over - 0 runs, 0 hits, 0 errors, 0 left on base; Washington 1 - San Diego 0
BOTTOM OF THE 2ND
San Diego Padres batting - Pitching for Washington Nationals : RHP Alex Reyes
Batting: SHB Johan Camargo 0-0: Called Strike
0-1: Ball
1-1: Ground out 4-3 (Groundball, 34, EV 107.5 MPH)
Batting: RHB Hunter Renfroe 0-0: Ball
1-0: SINGLE (Flyball, 7LM, EV 87.5 MPH)
Batting: RHB Adam Duvall 0-0: Ball
1-0: Ball
2-0: Called Strike
2-1: Ball
3-1: Called Strike
3-2: Foul Ball, location: 2F
3-2: Strikes out swinging
Pitching: LHP Adam Morgan
Batting: RHB Hyun-jin Ryu 0-0: Called Strike
0-1: Called Strike
0-2: Strikes out swinging
Bottom of the 2nd over - 0 runs, 1 hit, 0 errors, 1 left on base; Washington 1 - San Diego 0
TOP OF THE 3RD
Washington Nationals batting - Pitching for San Diego Padres : LHP Hyun-jin Ryu
Batting: LHB Adam Morgan 0-0: Ball
1-0: Ground out 5-3 (Groundball, 56, EV 89.4 MPH)
Batting: LHB Andrew Benintendi 0-0: Fly out, F7 (Flyball, 7, EV 90.6 MPH)
Batting: RHB Austin Barnes 0-0: Ground out U3 (Groundball, 3, EV 106.9 MPH)
Top of the 3rd over - 0 runs, 0 hits, 0 errors, 0 left on base; Washington 1 - San Diego 0
BOTTOM OF THE 3RD
San Diego Padres batting - Pitching for Washington Nationals : LHP Adam Morgan
Batting: RHB Lorenzo Cain 0-0: Ball
1-0: Ball
2-0: DOUBLE (Groundball, 5L, EV 105.6 MPH)
Batting: RHB Amed Rosario 0-0: Ground out 5-3 (Groundball, 5, EV 86.3 MPH)
Batting: RHB Jose Altuve 0-0: Swinging Strike
0-1: Ground out 5-3 (Groundball, 56, EV 92.5 MPH)
Batting: SHB Carlos Santana 0-0: Called Strike
0-1: Ball
1-1: Ball
2-1: Fly out, F5 (Popup, 5F, EV 68.8 MPH)
Bottom of the 3rd over - 0 runs, 1 hit, 0 errors, 1 left on base; Washington 1 - San Diego 0
TOP OF THE 4TH
Washington Nationals batting - Pitching for San Diego Padres : LHP Hyun-jin Ryu
Batting: SHB Aaron Hicks 0-0: Called Strike
0-1: Ball
1-1: Fly out, F8 (Flyball, 8LS, EV 87.5 MPH)
Batting: RHB Chris Taylor 0-0: Fly out, F5 (Popup, 25F, EV 75.0 MPH)
Batting: RHB Yulieski Gurriel 0-0: Foul Ball, location: 2F
0-1: Foul Ball, location: 2F
0-2: Hit by Pitch
Batting: LHB Yonder Alonso 0-0: Ball
1-0: Swinging Strike
1-1: Ball
2-1: Foul Ball, location: 2F
2-2: Ground out 5-3 (Groundball, 56, EV 91.3 MPH)
Top of the 4th over - 0 runs, 0 hits, 0 errors, 1 left on base; Washington 1 - San Diego 0
BOTTOM OF THE 4TH
San Diego Padres batting - Pitching for Washington Nationals : LHP Adam Morgan
Batting: RHB Yadier Molina 0-0: Fly out, F7 (Flyball, 78D, EV 105.0 MPH)
Batting: SHB Johan Camargo 0-0: Ball
1-0: Foul Ball, location: 2F
1-1: Foul Ball, location: 2F
1-2: DOUBLE (Groundball, 5L, EV 100.6 MPH)
Batting: RHB Hunter Renfroe 0-0: Ball
1-0: Ball
2-0: Ball
3-0: Called Strike
3-1: Foul Ball, location: 2F
3-2: Base on Balls
Batting: RHB Adam Duvall 0-0: Called Strike
0-1: SINGLE (Groundball, 56D, EV 102.5 MPH)
Johan Camargo to third
Hunter Renfroe to second
Batting: RHB Hyun-jin Ryu 0-0: Called Strike
0-1: DOUBLE (Groundball, 5L, EV 106.3 MPH)
Johan Camargo scores
Hunter Renfroe scores
Adam Duvall to third
Runner from 3rd tries for Home, SAFE, no throw by LF
Batting: RHB Lorenzo Cain 0-0: Ball
1-0: Ball
2-0: Ball
3-0: Base on Balls
Pitching: RHP Joakim Soria
Batting: RHB Amed Rosario 0-0: Called Strike
0-1: Ball
1-1: Fly out, F7 (Flyball, 7S, EV 88.8 MPH)
Batting: RHB Jose Altuve 0-0: Ball
1-0: DOUBLE (Flyball, 78D, EV 101.9 MPH)
Hyun-jin Ryu scores
Lorenzo Cain to third
Batting: SHB Carlos Santana 0-0: Ball
1-0: Ball
2-0: Called Strike
2-1: Ball
3-1: Foul Ball, location: 2F
3-2: Base on Balls
Batting: RHB Yadier Molina 0-0: Ball
1-0: Called Strike
1-1: Ball
Wild Pitch!
Lorenzo Cain scores
Jose Altuve to third
Carlos Santana to second
2-1: Foul Ball, location: 2F
2-2: Foul Ball, location: 2F
2-2: Ground out 6-3 (Groundball, 6, EV 101.9 MPH)
Bottom of the 4th over - 5 runs, 4 hits, 0 errors, 2 left on base; Washington 1 - San Diego 5
TOP OF THE 5TH
Washington Nationals batting - Pitching for San Diego Padres : LHP Hyun-jin Ryu
Batting: LHB Joe Panik 0-0: Called Strike
0-1: Ground out 6-3 (Groundball, 56, EV 90.0 MPH)
Batting: RHB Jose Pirela 0-0: Fly out, F8 (Flyball, 8RM, EV 93.8 MPH)
Batting: RHB Joakim Soria 0-0: Called Strike
0-1: Foul Ball, location: 2F
0-2: Ball
1-2: Ball
2-2: Strikes out looking
Top of the 5th over - 0 runs, 0 hits, 0 errors, 0 left on base; Washington 1 - San Diego 5
BOTTOM OF THE 5TH
San Diego Padres batting - Pitching for Washington Nationals : RHP Joakim Soria
Batting: SHB Johan Camargo 0-0: Ball
1-0: Foul Ball, location: 2F
1-1: Foul Ball, location: 2F
1-2: Strikes out looking
Batting: RHB Hunter Renfroe 0-0: Fly out, F9 (Flyball, 89S, EV 85.0 MPH)
Batting: RHB Adam Duvall 0-0: Called Strike
0-1: Swinging Strike
0-2: Ball
1-2: Foul Ball, location: 2F
1-2: Foul Ball, location: 2F
1-2: Fly out, F9 (Flyball, 9LS, EV 95.0 MPH)
Bottom of the 5th over - 0 runs, 0 hits, 0 errors, 0 left on base; Washington 1 - San Diego 5
TOP OF THE 6TH
Washington Nationals batting - Pitching for San Diego Padres : LHP Hyun-jin Ryu
Batting: LHB Andrew Benintendi 0-0: Fly out, F7 (Flyball, 78S, EV 86.3 MPH)
Batting: RHB Austin Barnes 0-0: Ball
1-0: Ball
2-0: Called Strike
2-1: Called Strike
2-2: Strikes out swinging
Batting: SHB Aaron Hicks 0-0: Swinging Strike
0-1: Ball
1-1: Called Strike
1-2: Ball
2-2: Strikes out looking
Top of the 6th over - 0 runs, 0 hits, 0 errors, 0 left on base; Washington 1 - San Diego 5
BOTTOM OF THE 6TH
San Diego Padres batting - Pitching for Washington Nationals : RHP Joakim Soria
Batting: RHB Hyun-jin Ryu 0-0: Ball
1-0: Ground out 5-3 (Groundball, 56S, EV 86.3 MPH)
Batting: RHB Lorenzo Cain 0-0: Called Strike
0-1: Called Strike
0-2: Ball
1-2: Ball
2-2: Foul Ball, location: 2F
2-2: Foul Ball, location: 2F
2-2: Strikes out swinging
Batting: RHB Amed Rosario 0-0: Ball
1-0: Fly out, F7 (Line Drive, 7S, EV 105.6 MPH)
Bottom of the 6th over - 0 runs, 0 hits, 0 errors, 0 left on base; Washington 1 - San Diego 5
TOP OF THE 7TH
Washington Nationals batting - Pitching for San Diego Padres : LHP Hyun-jin Ryu
Batting: RHB Chris Taylor 0-0: Ground out 5-3 (Groundball, 56S, EV 68.8 MPH)
Batting: RHB Yulieski Gurriel 0-0: Called Strike
0-1: Ball
1-1: Ball
2-1: Foul Ball, location: 2F
2-2: Foul Ball, location: 2F
2-2: Foul Ball, location: 2F
2-2: Ball
3-2: Base on Balls
Batting: LHB Yonder Alonso 0-0: Ball
1-0: Foul Ball, location: 2F
1-1: Called Strike
1-2: Foul Ball, location: 2F
1-2: Fielders Choice at 2nd, 2-6 (Groundball, 2R, EV 69.4 MPH)
Batting: LHB Joe Panik 0-0: Called Strike
0-1: Called Strike
0-2: Foul Ball, location: 2F
0-2: Ball
1-2: Ball
2-2: SINGLE (Line Drive, 78S, EV 93.1 MPH)
Yonder Alonso to second
Batting: RHB Jose Pirela 0-0: Foul Ball, location: 2F
0-1: Ball
1-1: Called Strike
1-2: Strikes out swinging
Top of the 7th over - 0 runs, 1 hit, 0 errors, 2 left on base; Washington 1 - San Diego 5
BOTTOM OF THE 7TH
San Diego Padres batting - Pitching for Washington Nationals : RHP Joakim Soria
Pitching: RHP Kyle Crick
Batting: RHB Jose Altuve 0-0: Swinging Strike
0-1: Ball
1-1: Swinging Strike
1-2: Foul Ball, location: 2F
1-2: Foul Ball, location: 2F
1-2: Strikes out swinging
Batting: SHB Carlos Santana 0-0: Called Strike
0-1: Ball
1-1: Foul Ball, location: 2F
1-2: Ball
2-2: Ball
3-2: Foul Ball, location: 2F
3-2: Ground out 4-3 (Groundball, 4, EV 102.5 MPH)
Batting: RHB Yadier Molina 0-0: Called Strike
0-1: Called Strike
0-2: Foul Ball, location: 2F
0-2: Fly out, F3 (Popup, 3, EV 74.4 MPH)
Bottom of the 7th over - 0 runs, 0 hits, 0 errors, 0 left on base; Washington 1 - San Diego 5
TOP OF THE 8TH
Washington Nationals batting - Pitching for San Diego Padres : LHP Hyun-jin Ryu
Pinch Hitting: RHB Tyler White 0-0: Ball
1-0: Called Strike
1-1: Ground out 1-3 (Groundball, 13, EV 64.4 MPH)
Batting: LHB Andrew Benintendi 0-0: Ball
1-0: Swinging Strike
1-1: Called Strike
1-2: SOLO HOME RUN (Line Drive, 9D, EV 96.3 MPH), Distance : 377 ft
Batting: RHB Austin Barnes 0-0: Ball
1-0: Ground out 1-3 (Groundball, P, EV 88.8 MPH)
Batting: SHB Aaron Hicks 0-0: Foul Ball, location: 2F
0-1: Ball
1-1: Foul Ball, location: 2F
1-2: Strikes out looking
Top of the 8th over - 1 run, 1 hit, 0 errors, 0 left on base; Washington 2 - San Diego 5
BOTTOM OF THE 8TH
San Diego Padres batting - Pitching for Washington Nationals : RHP Kyle Crick
Pitching: RHP Bud Norris
Batting: SHB Johan Camargo 0-0: Called Strike
0-1: Called Strike
0-2: Ball
1-2: Ball
2-2: Strikes out swinging
Batting: RHB Hunter Renfroe 0-0: Ball
1-0: Ball
2-0: Called Strike
2-1: Ball
3-1: Called Strike
3-2: Foul Ball, location: 2F
3-2: Foul Ball, location: 2F
3-2: Strikes out swinging
Batting: RHB Adam Duvall 0-0: Foul Ball, location: 2F
0-1: Fly out, F8 (Flyball, 8LS, EV 81.3 MPH)
Bottom of the 8th over - 0 runs, 0 hits, 0 errors, 0 left on base; Washington 2 - San Diego 5
TOP OF THE 9TH
Washington Nationals batting - Pitching for San Diego Padres : LHP Hyun-jin Ryu
Pitching: LHP A.J. Minter
Batting: RHB Chris Taylor 0-0: Ball
1-0: Ball
2-0: Called Strike
2-1: Foul Ball, location: 2F
2-2: Strikes out swinging
Batting: RHB Yulieski Gurriel 0-0: Called Strike
0-1: Foul Ball, location: 2F
0-2: Strikes out swinging
Batting: LHB Yonder Alonso 0-0: Called Strike
0-1: Swinging Strike
0-2: Strikes out looking
Top of the 9th over - 0 runs, 0 hits, 0 errors, 0 left on base; Washington 2 - San Diego 5
Monday, September 9th, 2019 - OOTP Baseball 20.6 Build 54